 Dungeon Crawl Stone Soup version 0.31-a0-1074-g0b22e4e0f1 (webtiles) character file.

Game seed: 17820365612988756045

12721 Smoke131 the Fighter (level 11, 0/119 (120) HPs)
             Began as an Ogre Gladiator on Dec 2, 2023.
             Was a High Priest of Okawaru.
             Slain by Snorg (22 damage)
             ... on level 11 of the Dungeon.
             The game lasted 00:39:08 (15013 turns).

Smoke131 the Fighter (Ogre Gladiator)              Turns: 15013, Time: 00:39:08

HP:   0/119 (120)   AC:  4    Str: 24    XL:     11   Next: 97%
MP:   18/18         EV: 10    Int:  9    God:    Okawaru [*****.]
Gold: 389           SH:  0    Dex: 10    Spells: 10/10 levels left

rFire   . . .        E - +3 trident (freeze)
rCold   . . .        a - orb {light}
rNeg    + . .        z - +0 troll leather armour
rPois   .            c - +0 hat
rElec   .            (no cloak)
rCorr   +            (gloves unavailable)
SInv    .            (boots unavailable)
Will    +....        (no amulet)
Stlth   +            h - ring of positive energy
HPRegen 1.19/turn    l - ring of resist corrosion
MPRegen 0.16/turn

%: no passive effects
@: glowing, lightly drained
A: large, unfitting armour, tough skin 1
a: Renounce Religion, Heroism, Finesse, Duel


You were on level 11 of the Dungeon.
You worshipped Okawaru.
Okawaru was extremely pleased with you.
You visited 3 branches of the dungeon, and saw 13 of its levels.

You collected 598 gold pieces.
You spent 209 gold pieces at shops.

Inventory:

Hand Weapons
 t - a +4 trident
 E - a +3 trident of freezing (weapon)
Missiles
 d - 6 throwing nets
 n - 20 poisoned darts (quivered)
 o - 3 boomerangs
Armour
 a - an orb of light (worn)
 c - a +0 hat (worn)
 z - a +0 troll leather armour (worn)
 D - the +3 robe of Limitation {Int+4}
   (You found it on level 9 of the Dungeon)

   Int+4:     It affects your intelligence (+4).
Jewellery
 h - a ring of positive energy (left hand)
 k - a ring of flight
 l - a ring of resist corrosion (right hand)
 q - a ring of poison resistance
 B - a ring of see invisible
Wands
 b - a wand of roots (2)
Scrolls
 g - 2 scrolls of identify
 p - a scroll of fog
 r - a scroll of immolation
 v - 2 scrolls of revelation
 w - a scroll of enchant weapon
 y - a scroll of torment
 A - a scroll of poison
 H - a scroll of teleportation
Potions
 f - a potion of brilliance
 i - a potion of cancellation
 j - a potion of ambrosia
 m - 6 potions of curing
 s - 4 potions of berserk rage {unknown}
 u - 3 potions of magic
 C - 2 potions of resistance {unknown}
 F - a potion of attraction {unknown}
 G - a potion of mutation {unknown}
 I - a potion of enlightenment {unknown}


   Skills:
 + Level 11.0 Fighting
 + Level 10.5 Polearms
 + Level 10.5 Throwing
 - Level 3.0 Dodging
 - Level 10.0 Invocations


You had 10 spell levels left.
You didn't know any spells.
Your spell library contained the following spells:

 Spells                   Type           Power      Damage    Failure   Level
 Magic Dart               Conj           0%         1d3       43%         1
 Ensorcelled Hibernation  Hex/Ice        0%         N/A       56%         2
 Lesser Beckoning         Tloc           0%         N/A       56%         2
 Passwall                 Tmut/Erth      0%         N/A       56%         2
 Sublimation of Blood     Necr           0%         N/A       56%         2
 Wereblood                Tmut           0%         N/A       56%         2
 Gell's Gravitas          Tloc           0%         N/A       80%         3
 Mephitic Cloud           Conj/Pois/Air  0%         N/A       80%         3
 Swiftness                Air            0%         N/A       80%         3
 Teleport Other           Tloc           0%         N/A       80%         3
 Dispersal                Tloc           0%         N/A       100%        6
 Call Imp                 Summ           Unusable   N/A       N/A         2
 Summon Hydra             Summ           Unusable   N/A       N/A         7

Dungeon Overview and Level Annotations

Branches:
Dungeon (11/15)            Temple (1/1) D:5            Lair (1/5) D:10
    Orc: D:9-12

Altars:
Ashenzari
Cheibriados
Dithmenos
Elyvilon
Fedhas
Gozag
Hepliaklqana
Kikubaaqudgha
Makhleb
Nemelex Xobeh
Okawaru
Qazlal
Ru
Sif Muna
Trog
Uskayaw
Vehumet
Wu Jian
Xom
Yredelemnul
Zin
The Shining One

Shops:
D:2 !:[(   D:10 :

Annotations:
D:11 Snorg


Innate Abilities, Weirdness & Mutations

You are too large for most types of armour.
You have tough skin. (AC +1)


Message History

You barely miss Snorg.
Snorg is lightly wounded.
Snorg bites you! Snorg barely misses you. Snorg claws you but does no damage.
You puncture Snorg! You freeze Snorg.
Snorg is lightly wounded.
You barely miss Snorg.
Snorg is lightly wounded.
Snorg bites you. Snorg barely misses you. x2
You hit Snorg. You freeze Snorg.
Snorg is lightly wounded.
Snorg bites you. Snorg claws you but does no damage. x2
You hit Snorg. You freeze Snorg.
Snorg is moderately wounded.
Snorg bites you! Snorg claws you. Snorg claws you!
You hit Snorg. You freeze Snorg.
Snorg is moderately wounded.
Snorg bites you. Snorg claws you!
* * * LOW HITPOINT WARNING * * *
Snorg claws you!
* * * LOW HITPOINT WARNING * * *
You feel much better. Snorg bites you!
* * * LOW HITPOINT WARNING * * *
Snorg barely misses you. Snorg claws you!
* * * LOW HITPOINT WARNING * * *
Aiming: Fastroot
Press: ? - help, Shift-Dir - straight line, f/p - Snorg
Aim: Snorg (moderately wounded, very poisoned, haloed)
The roots erupt in riotous growth!
Roots grab Snorg.
The grasping roots constrict Snorg.
Snorg barely misses you. Snorg claws you.
* * * LOW HITPOINT WARNING * * *
Snorg claws you.
* * * LOW HITPOINT WARNING * * *
The grasping roots constrict Snorg!
Snorg struggles to escape constriction.
The grasping roots constrict Snorg.
The roots release their grip on Snorg.
Snorg goes berserk!
There is a stone staircase leading up here.
Snorg rages.
Snorg bites you!!
You die...

###+ #..
####.######
#.........###
#.>.<.......#
####..)......#
#(((.........#
+.##.....T@..#
#.........#
#.........#
#.........#
###########


You could see Snorg (berserk, poisoned).

Vanquished Creatures
  A two-headed ogre (D:10)
  Pikel (D:4)
  A manticore (D:10)
  A gargoyle (D:10)
  A troll (D:8)
  Eustachio (D:5)
  2 wyverns
  27 yaks
  A steam dragon (D:7)
  4 vampire mosquitoes (D:10)
  6 water moccasins
  3 orc warriors (D:9)
  3 black bears
  9 ice beasts
  4 centaurs
  2 lemures (D:4)
  4 kobold brigands
  3 bullfrogs
  A gnoll sergeant (D:10)
  3 scorpions
  17 wights
  11 killer bees
  3 howler monkeys
  A crimson imp (D:7)
  7 hounds
  3 jellies
  A gnoll bouda (D:5)
  5 orc priests
  A sleepcap (D:4)
  4 iguanas
  13 orc wizards
  15 gnolls
  11 adders
  2 shadow imps
  2 white imps
  3 ufetubi
  A worm (D:4)
  2 dart slugs (D:3)
  33 orcs
  3 bats
  7 endoplasms
  3 giant cockroaches
  6 goblins
  6 hobgoblins
  2 quokkas
  5 ball pythons
  2 frilled lizards (D:1)
  30 kobolds
  3 rats
280 creatures vanquished.

Notes
Turn   | Place    | Note
-------+----------+-------------------------------------------
     0 | D:1      | Smoke131 the Ogre Gladiator began the quest for the Orb.
     0 | D:1      | Reached XP level 1. HP: 22/22 MP: 1/1
   105 | D:1      | Reached XP level 2. HP: 29/29 MP: 2/2
   111 | D:1      | Reached skill level 3 in Fighting
   378 | D:1      | Reached XP level 3. HP: 24/37 MP: 3/3
   705 | D:2      | Found Miafu's Antique Weapon Emporium.
   987 | D:2      | Found Lepteaps's Book Boutique.
  1001 | D:2      | Found Diufegou's Antique Armour Shop.
  1271 | D:2      | Found a faded altar of an unknown god.
  1272 | D:2      | Found Ecoapn's Distillery.
  1487 | D:3      | Reached skill level 4 in Fighting
  1487 | D:3      | Reached XP level 4. HP: 43/48 MP: 4/4
  1672 | D:3      | Noticed an ice beast
  1681 | D:3      | Killed an ice beast
  1682 | D:3      | Reached XP level 5. HP: 55/55 MP: 5/5
  1803 | D:3      | Reached skill level 5 in Fighting
  1803 | D:3      | Reached XP level 6. HP: 53/66 MP: 6/6
  2715 | D:4      | Reached skill level 5 in Polearms
  3073 | D:4      | Found a blossoming altar of Fedhas.
  3107 | D:4      | Reached XP level 7. HP: 16/72 MP: 7/7
  3288 | D:4      | Noticed Pikel
  3668 | D:4      | Found a hazy altar of Hepliaklqana.
  3711 | D:4      | Killed Pikel
  3712 | D:4      | Reached skill level 5 in Throwing
  3712 | D:4      | Reached skill level 6 in Fighting
  3712 | D:4      | Reached XP level 8. HP: 20/84 MP: 8/8
  4165 | D:5      | Entered Level 5 of the Dungeon
  4325 | D:5      | Reached skill level 7 in Fighting
  4413 | D:5      | Found a staircase to the Ecumenical Temple.
  4427 | Temple   | Entered the Ecumenical Temple
  4439 | Temple   | Became a worshipper of Warmaster Okawaru
  4542 | D:5      | Reached skill level 1 in Invocations
  4559 | D:5      | Found a broken altar of Ashenzari.
  4572 | D:5      | Noticed Eustachio
  4587 | D:5      | Killed Eustachio
  4640 | D:5      | Found a basalt altar of Yredelemnul.
  4665 | D:5      | Reached * piety under Okawaru
  4872 | D:5      | Noticed a yak
  4887 | D:5      | Killed a yak
  4891 | D:5      | Noticed a yak
  4892 | D:5      | Noticed a yak
  4895 | D:5      | Noticed a yak
  4958 | D:4      | Killed a yak
  4959 | D:4      | Reached skill level 8 in Fighting
  4959 | D:4      | Reached XP level 9. HP: 91/96 MP: 9/11
  5331 | D:5      | Found a white marble altar of Elyvilon.
  5545 | D:5      | Reached ** piety under Okawaru
  6063 | D:5      | Reached skill level 9 in Fighting
  6196 | D:2      | Bought a twisted cloak for 209 gold pieces
  6196 | D:2      | Identified the +1 cloak of the Unbearable God {+Blink Fly
                  | rCorr Dex-4} (You bought it in a shop on level 2 of the
                  | Dungeon)
  6866 | D:6      | Found a sacrificial altar of Ru.
  7593 | D:7      | Reached *** piety under Okawaru
  7594 | D:7      | Reached skill level 5 in Invocations
  7681 | D:7      | Reached XP level 10. HP: 94/107 MP: 13/13
  8954 | D:7      | Found a burning altar of Makhleb.
  9013 | D:7      | Reached skill level 10 in Fighting
  9279 | D:8      | Found an ornate altar of the Wu Jian Council.
  9622 | D:8      | HP: 5/110 [yak (14)]
  9943 | D:8      | Reached **** piety under Okawaru
 10178 | D:8      | HP: 3/110 [ice beast (7)]
 11757 | D:9      | Identified the +3 robe of Limitation {Int+4}
 11796 | D:9      | Found a sparkling altar of Nemelex Xobeh.
 12024 | D:9      | Reached XP level 11. HP: 56/112 MP: 16/16
 12122 | D:9      | Found a bloodstained altar of Trog.
 12128 | D:9      | Found a radiant altar of Vehumet.
 12128 | D:9      | Found an ancient bone altar of Kikubaaqudgha.
 12129 | D:9      | Found a shimmering blue altar of Sif Muna.
 12129 | D:9      | Found a snail-covered altar of Cheibriados.
 12132 | D:9      | Found an opulent altar of Gozag.
 12611 | D:10     | Entered Level 10 of the Dungeon
 13025 | D:10     | Noticed a manticore
 13036 | D:10     | Killed a manticore
 13102 | D:9      | Reached ***** piety under Okawaru
 13196 | D:10     | Reached skill level 10 in Polearms
 13242 | D:10     | Reached skill level 10 in Throwing
 13301 | D:10     | Found a staircase to the Lair.
 13327 | Lair:1   | Entered Level 1 of the Lair of Beasts
 13637 | D:10     | Noticed a two-headed ogre
 13659 | D:10     | Killed a two-headed ogre
 13660 | D:10     | Reached skill level 10 in Invocations
 14254 | D:10     | Found Keudilufudd's Book Boutique.
 14838 | D:10     | Reached skill level 11 in Fighting
 14993 | D:11     | Noticed Snorg
 15013 | D:11     | Slain by Snorg

Illustrated notes

Levels and vault maps discovered:
D:1:      eino_arrival_water_cross, layout_rooms, hangedman_decor_opposing
D:2:      layout_basic, basic_ecumenical_altar, serial_shops,
          nicolae_shop_trees, nicolae_shop_dealshenge, shop, shop_fountains
D:3:      layout_loops_corners
D:4:      layout_cave_pods, mainiacjoe_overflow_catwalk_spiral, st_stairs_2,
          uniq_pikel
D:5:      minmay_chambers_of_threes, layout_loops_ring,
          mainiacjoe_overflow_surrounded_room, kennysheep_ying_yang,
          minmay_temple_entry_statues_fountains, uniq_eustachio
D:6:      layout_loops_ring, general_overflow_altar
D:7:      layout_rooms, makhleb_grotto_becter
D:8:      layout_loops_cross, mainiacjoe_overflow_boulevard
D:9:      layout_loops_ring, minitemple
D:10:     layout_layer_cave, due_lair_maze_entry_diamond, serial_shops,
          nicolae_shop_waterfront, grunt_ministairs_1
D:11:     layout_roguey, st_stairs_2, uniq_snorg, uniq_erica, uniq_nergalle
Temple:   nicolae_temple_bog_church
Lair:1:   layout_loops_ring, grunt_megastairs_5, lemuel_fruit_tree, uniq_amaemon

Skill      XL: |  1  2  3  4  5  6  7  8  9 10 11 |
---------------+----------------------------------+-----
Fighting       | 3 4 5 6 8 9 10 11 | 11.0
Dodging        | 3 |  3.0
Throwing       | 3 4 5 6 8 9 10 | 10.5
Polearms       | 4 5 6 8 9 10 | 10.5
Invocations    | 2 5 7 10 | 10.0

Action                     |  1- 3 |  4- 6 |  7- 9 | 10-12 || total
---------------------------+-------+-------+-------+-------++-------
  Melee: Trident           |   119 |   115 |   174 |   613 ||  1021
         Punch             |       |     1 |     3 |     5 ||     9
  Throw: Boomerang         |       |    20 |    32 |       ||    52
         Large rock        |       |     2 |     4 |     1 ||     7
         Throwing net      |       |       |     1 |       ||     1
         Dart              |       |       |     9 |    40 ||    49
 Invoke: Heroism           |       |       |       |     3 ||     3
         Finesse           |       |       |       |     2 ||     2
  Evoke: Wand              |       |       |       |     1 ||     1
    Use: Scroll            |       |     9 |     6 |     7 ||    22
         Potion            |       |       |     1 |     7 ||     8
   Stab: Sleeping          |       |     1 |     1 |       ||     2
 Armour: Robe              |    88 |    84 |   122 |   223 ||   517
         Skin              |       |       |     3 |     8 ||    11
         Troll leather arm |       |       |       |   232 ||   232
  Dodge: Dodged            |    57 |    68 |    76 |   261 ||   462

Table legend: (Time is in decaauts)
 A = Elapsed time spent in this place.
 B = Non-inter-level travel time spent in this place.
 C = Inter-level travel time spent in this place.
 D = Time resting spent in this place.
 E = Time spent auto-exploring this place.
 F = Levels seen in this place.
 G = Mean time per level.
                   A        B        C        D        E       F      G
               +--------+--------+--------+--------+--------+-----+--------+
         Total |  14896 |  14256 |    640 |   3071 |   8075 |  13 | 1145.8 |
       Dungeon |  14869 |  14251 |    618 |   3071 |   8075 |  11 | 1351.7 |
        Temple |     24 |      2 |     22 |      0 |      0 |   1 |   24.0 |
          Lair |      1 |      1 |      0 |      0 |      0 |   1 |    1.0 |
               +--------+--------+--------+--------+--------+-----+--------+

Top non-repeatable levels by time:
     D:8: 2024 daAuts
    D:10: 1963 daAuts
     D:4: 1915 daAuts
     D:5: 1803 daAuts
     D:9: 1738 daAuts
     D:6: 1714 daAuts
     D:3: 1193 daAuts
     D:7: 1012 daAuts
     D:2: 766 daAuts
     D:1: 705 daAuts
    D:11: 31 daAuts
  Temple: 24 daAuts
  Lair:1: 1 daAuts
